cohdb
Replays
Latest Replays
All Replays
Popular Replays
Top Player Replays
Match Explorer
How It Works
Community
CoH3 Stats
Reddit
Sign in to upload your games and track your stats! →
Sign in with Steam
Game of Throws vs Jesulin
Match 12176257
Overview
Messages
Build Orders
End
Construct Section Command Post
Infantry Section
Infantry Section
Infantry Section
Infantry Section
Construct Field Infirmary
Infantry Training
Selects Indian Artillery Battlegroup
Selects Valour
Selects Gurkha Rifles Section
Gurkha Rifles Section
Construct Platoon Command Post
6-pounder Anti-tank Gun Team
Gurkha Rifles Section
Selects Volunteer Infantry
6-pounder Anti-tank Gun Team
6-pounder Anti-tank Gun Team
Selects Artillery Saturation
Grenade Package
Selects Off-map Airburst Barrage
Off-map Airburst Barrage
Construct Company Command Post
Selects Perimeter Monitor
Matilda II Heavy Tank
Off-map Airburst Barrage
Matilda II Heavy Tank
Matilda II Heavy Tank
Royal Engineer Section
Wolfe
Jesulin
0
0
Comments
sign in to comment!
No comments posted yet!